 Dungeon Crawl Stone Soup version 0.31-a0-369-g8eba5f6939 (webtiles) character file.

Game seed: 6114140181651045542

13 floatRand the Ruffian (level 2, -4/23 HPs)
             Began as a Draconian Shapeshifter on July 28, 2023.
             Slain by Natasha (8 damage)
             ... on level 2 of the Dungeon.
             The game lasted 00:00:49 (824 turns).

floatRand the Ruffian (Draconian Shapeshifter)       Turns: 824, Time: 00:00:50

Health: -4/23      AC:  4    Str: 17    XL:     2   Next: 24%
Magic:  11/11      EV: 11    Int:  8    God:
Gold:   46         SH:  3    Dex: 11    Spells: 1/1 levels left

rFire   . .          .
                       - Unarmed
rCold   . . .        f - +0 buckler
rNeg    . . .        (body armour unavailable)
rPois   .            (helmet currently unavailable)
rElec   .            (cloak currently unavailable)
rCorr   .            (gloves currently unavailable)
SInv    .            (boots currently unavailable)
Will    .....        (no amulet)
Stlth   +            e - ring of magical power
HPRegen 0.23/turn    (no ring)
MPRegen 0.12/turn

%: no passive effects
@: beast-form
A: beast (slay +2), AC +4, unfitting armour, cold-blooded
a: Begin Untransformation


You were on level 2 of the Dungeon.
You were a hulking beast.
You visited 1 branch of the dungeon, and saw 2 of its levels.

You collected 46 gold pieces.

Inventory:

Armour
 f - a +0 buckler (worn)
 l - a +0 hat
Jewellery
 e - a ring of magical power (left hand)
Talismans
 b - a beast talisman
Scrolls
 c - a scroll of amnesia {unknown}
 h - a scroll of brand weapon {unknown}
 i - 2 scrolls of teleportation {unknown}
 j - a scroll of fog {unknown}
 k - a scroll of vulnerability {unknown}
Potions
 a - 2 potions of lignification
 d - 2 potions of heal wounds {unknown}
 g - a potion of invisibility {unknown}


   Skills:
 - Level 1.1 Fighting
 - Level 1.7 Dodging
 * Level 3.5 Unarmed Combat
 + Level 3.1 Shapeshifting


You had one spell level left.
You didn't know any spells.
Your spell library was empty.

Dungeon Overview and Level Annotations

Branches:
Dungeon (2/15)

Altars:

Annotations:
D:2 Natasha


Innate Abilities, Weirdness & Mutations

You are a hulking beast.
Your limbs bulge with bestial killing power. (Slay +2)
Your plain brown scales are hard. (AC +4)
You cannot fit into any form of body armour.
You are cold-blooded and may be slowed by cold attacks.


Message History

You feel your magic capacity increase.
e - a ring of magical power (left hand) Magic restored.
Natasha, Servant of Life and Death comes into view.
Found a dagger.
Natasha hisses angrily.
Natasha is nearby!
Natasha is nearby!
Natasha is nearby!
You closely miss Natasha. Natasha claws you.
You barely miss Natasha. Natasha claws you.
You barely miss Natasha. Natasha misses you.
You miss Natasha. Natasha casts a spell at you. The magic dart hits you.
You hit Natasha. You tail-slap Natasha.
Natasha is moderately wounded.
Unknown command.
You hit Natasha but do no damage.
Natasha is moderately wounded.
Natasha claws you. x2
* * * LOW HITPOINT WARNING * * *
You are too injured to fight recklessly!
Unknown command.
You hit Natasha.
Your tail-slap misses Natasha.
Natasha is moderately wounded.
Natasha barely misses you.
Unknown command.
You closely miss Natasha.
Your tail-slap misses Natasha.
Natasha is moderately wounded.
Natasha claws you but does no damage.
Unknown command.
You closely miss Natasha.
Natasha is moderately wounded.
You block Natasha's attack.
Unknown command.
You barely miss Natasha. You tail-slap Natasha.
Natasha is heavily wounded.
Natasha claws you!
You die...

..........# ###.##.##.#
#..
########..#........##.#
#.#
##########..#.###.#......
.##
#.................#...#..
#
#.######.#..#####.#.....#.
#.# #.#..# #........#
#.### #.#..#### #...#
#.......# ###.# ###..##h#
#.# #..#.#h....# #.# #...#
.###.). #.# ..## .# #.#
### .# #.# .... #.##.#
##.## #.##.# ...# #.##.#
#..#


You could see Natasha.

Vanquished Creatures
  A giant cockroach (D:1)
  2 hobgoblins
  2 kobolds (D:1)
  A bat (D:1)
  2 frilled lizards (D:1)
  4 goblins (D:1)
12 creatures vanquished.

Notes
Turn   | Place    | Note
-------+----------+-------------------------------------------
     0 | D:1      | floatRand the Draconian Shapeshifter began the quest for
                  | the Orb.
     0 | D:1      | Reached XP level 1. HP: 16/16 MP: 1/1
   382 | D:1      | Reached XP level 2. HP: 23/23 MP: 2/2
   386 | D:1      | Found a faded altar of an unknown god.
   814 | D:2      | Noticed Natasha
   824 | D:2      | Slain by Natasha

Illustrated notes

Levels and vault maps discovered:
D:1:      ncdulo_lavacross, layout_rooms, basic_ecumenical_altar
D:2:      layout_loops_ring, uniq_natasha

Action                     || total
---------------------------++-------
  Melee: Unarmed           ||    33
         Tailslap          ||     2
 Armour: Skin              ||     8
  Dodge: Dodged            ||    10
  Block: Buckler           ||     2

Table legend: (Time is in decaauts)
 A = Elapsed time spent in this place.
 B = Non-inter-level travel time spent in this place.
 C = Inter-level travel time spent in this place.
 D = Time resting spent in this place.
 E = Time spent auto-exploring this place.
 F = Levels seen in this place.
 G = Mean time per level.
                   A        B        C        D        E       F      G
               +--------+--------+--------+--------+--------+-----+--------+
         Total |    822 |    806 |     16 |      0 |    643 |   2 |  411.0 |
       Dungeon |    822 |    806 |     16 |      0 |    643 |   2 |  411.0 |
               +--------+--------+--------+--------+--------+-----+--------+

Top non-repeatable levels by time:
     D:1: 553 daAuts
     D:2: 269 daAuts
